 Dungeon Sprint DCSS version 0.25-a0-869-g05d4e06a41 (webtiles) character file.

Game seed: 5071566654637568742, levelgen mode: deterministic

384 Conn the Thaumaturge (level 6, -1/32 HPs)
             Began as a Deep Elf Wizard on May 1, 2020.
             Was an Initiate of Sif Muna.
             Slain by Sonja
             ... wielding a +2 dagger of distortion
              (4 damage)
             ... in the Dungeon (Sprint I: "Red Sonja").
             The game lasted 00:06:03 (687 turns).

Conn the Thaumaturge (Deep Elf Wizard)               Turns: 687, Time: 00:06:04

Health: -1/32      AC:  2    Str:  4    XL:     6   Next: 47%
Magic:  15/24      EV: 15    Int: 25    God:    Sif Muna [......]
Gold:   363        SH:  0    Dex: 13    Spells: 20/31 levels left

rFire    . . .     SeeInvis .   (no weapon)
rCold    . . .     Gourm    .   (no shield)
rNeg     . . .     Faith    .   a - +0 robe
rPois    .         Spirit   .   b - +0 hat
rElec    .         Reflect  .   (no cloak)
rCorr    .         Harm     .   (no gloves)
MR       .....     NoTele   +   (no boots)
Stlth    +++.......             (no amulet)
HPRegen  0.10/turn              (no ring)
MPRegen  0.19/turn              (no ring)

@: slowed, very slow
A: no striking features
a: Renounce Religion


You were in the Dungeon.
You worshipped Sif Muna.
Sif Muna was noncommittal.
You were not hungry.

You visited 1 branch You collected 405 gold pieces.
You spent 42 gold pieces at shops.

Inventory:

Armour
 a - a +0 robe (worn)
 b - a +0 hat (worn)
Wands
 c - a wand of flame (23)
 i - a wand of acid (10)
Scrolls
 j - a scroll of blinking
 k - a scroll of immolation
Potions
 h - a potion of magic
Comestibles
 d - a ration


   Skills:
 + Level 5.7 Dodging
 + Level 4.4 Stealth
 + Level 13.4 Spellcasting
 * Level 6.8 Conjurations
 + Level 4.6 Summonings
 + Level 1.1 Translocations
 + Level 0.5 Fire Magic
 + Level 1.2 Air Magic
 + Level 1.4 Poison Magic


You had 20 spell levels left.
You knew the following spells:

 Your Spells              Type           Power        Failure   Level  Hunger
a - Magic Dart            Conj           ####         1%          1    None
b - Blink                 Tloc           N/A          3%          2    None
c - Call Imp              Summ           #####...     1%          2    None
d - Conjure Flame         Conj/Fire      #####...     2%          3    None
e - Mephitic Cloud        Conj/Pois/Air  ####....     2%          3    None

Your spell library contained the following spells:

 Spells                   Type           Power        Failure   Level  Hunger
 Slow                     Hex            ###.....     5%          2    None


Dungeon Overview and Level Annotations

Branches:
Dungeon (1/1)

Altars:
Cheibriados
Dithmenos
Elyvilon
Fedhas
Gozag
Hepliaklqana
Kikubaaqudgha
Makhleb
Nemelex Xobeh
Okawaru
Qazlal
Ru
Sif Muna
Trog
Uskayaw
Vehumet
Wu Jian
Xom
Yredelemnul
Zin
The Shining One
Jiyva
Lugonu

Shops:
D ?

Annotations:
D Sonja


Message History

Sonja hits your white imp with a +2 dagger of distortion.
Your white imp blinks!
Sonja is engulfed in noxious fumes.
Sonja cries.
Casting: Call Imp (safe; 1% risk of failure)
Confirm with . or Enter, or press ? or * to list all spells.
Okay, then.
Casting: Call Imp (safe; 1% risk of failure)
Confirm with . or Enter, or press ? or * to list all spells.
Aiming: Magic Dart (safe; 1% risk of failure)
Press: ? - help, Shift-Dir - straight line The magic dart hits Sonja but does no damage.
Sonja is severely wounded.
Sonja closely misses you.
Sonja hits you with a +2 dagger of distortion.
* * * LOW HITPOINT WARNING * * *
Sonja hits you with a +2 dagger of distortion.
* * * LOW HITPOINT WARNING * * *
Space warps horribly around you.
You die...

######################
#<.#.['..#..'..#__#..+
#..)..#..)..#..'^.'..#
#..#####'#####'#__####
#..####..#○K@#[####
#..#__####°5##.#
#..#_____##(#_.+
#⌠⌠#_.∩...'55._#
####_..__##_.#'#
#_____###§#[# #######
(### .$ .$#


You could see Sonja (confused), a friendly crimson imp and a friendly white imp.

Vanquished Creatures
  An ogre (D)
  A jelly (D)
  Ijyb (D)
3 creatures vanquished.

Vanquished Creatures (collateral kills)
  A slime creature (D)
  Sigmund (D)
  A yak (D)
3 creatures vanquished.

Grand Total: 6 creatures vanquished

Notes
Turn   | Place    | Note
-------+----------+-------------------------------------------
     0 | D        | Conn the Deep Elf Wizard began the quest for the Orb.
     0 | D        | Reached XP level 1. HP: 10/10 MP: 7/7
     1 | D        | Noticed Ijyb
    17 | D        | Killed Ijyb
    17 | D        | Reached skill level 7 in Spellcasting
    17 | D        | Reached XP level 2. HP: 12/15 MP: 8/12
    41 | D        | Learned a level 2 spell: Blink
    44 | D        | Learned a level 2 spell: Call Imp
    45 | D        | Noticed an ogre
    55 | D        | Killed an ogre
    55 | D        | Reached skill level 9 in Spellcasting
    55 | D        | Reached XP level 3. HP: 13/19 MP: 5/15
    55 | D        | Reached XP level 4. HP: 16/24 MP: 5/17
    60 | D        | Learned a level 3 spell: Conjure Flame
    64 | D        | Learned a level 3 spell: Mephitic Cloud
   154 | D        | Noticed Sigmund
   162 | D        | Killed Sigmund
   162 | D        | Reached skill level 5 in Dodging
   162 | D        | Reached skill level 11 in Spellcasting
   162 | D        | Reached skill level 5 in Conjurations
   162 | D        | Reached XP level 5. HP: 28/28 MP: 4/20
   267 | D        | Found an ornate altar of the Wu Jian Council.
   267 | D        | Found a shimmering blue altar of Sif Muna.
   317 | D        | Found a radiant altar of Vehumet.
   345 | D        | Found Xamae's Magic Scroll Emporium.
   345 | D        | Found an ancient bone altar of Kikubaaqudgha.
   345 | D        | Found a hazy altar of Hepliaklqana.
   345 | D        | Found a stormy altar of Qazlal.
   345 | D        | Found a hide-covered altar of Uskayaw.
   345 | D        | Found a blossoming altar of Fedhas.
   345 | D        | Found a bloodstained altar of Trog.
   345 | D        | Found an iron altar of Okawaru.
   345 | D        | Found a basalt altar of Yredelemnul.
   345 | D        | Found a glowing golden altar of the Shining One.
   345 | D        | Found a snail-covered altar of Cheibriados.
   345 | D        | Found a sacrificial altar of Ru.
   345 | D        | Found a glowing silver altar of Zin.
   345 | D        | Found a shadowy altar of Dithmenos.
   345 | D        | Found a white marble altar of Elyvilon.
   345 | D        | Noticed a yak
   362 | D        | Found an opulent altar of Gozag.
   366 | D        | Killed a yak
   366 | D        | Reached skill level 12 in Spellcasting
   366 | D        | Reached skill level 1 in Air Magic
   366 | D        | Reached skill level 1 in Poison Magic
   366 | D        | Reached XP level 6. HP: 32/32 MP: 11/23
   367 | D        | Found a sparkling altar of Nemelex Xobeh.
   371 | D        | Bought a scroll of immolation for 42 gold pieces
   434 | D        | Found a burning altar of Makhleb.
   434 | D        | Found a viscous altar of Jiyva.
   434 | D        | Found a shimmering altar of Xom.
   434 | D        | Found a corrupted altar of Lugonu.
   434 | D        | Noticed a slime creature
   452 | D        | Killed a slime creature
   452 | D        | Reached skill level 13 in Spellcasting
   480 | D        | Became a worshipper of Sif Muna the Loreminder
   658 | D        | Noticed Sonja
   687 | D        | Slain by Sonja

Levels and vault maps discovered:
D:        dungeon_sprint_1 [red_sonja_temple_1, red_sonja_temple_small_1]

Skill      XL: |  1  2  3  4  5  6 |
---------------+-------------------+-----
Dodging        | 3 4 5 |  5.7
Stealth        | 3 4 |  4.4
Spellcasting   | 7 9 11 12 13 | 13.4
Conjurations   | 2 3 5 6 |  6.8
Summonings     | 2 3 4 |  4.6
Air Magic      | 1 |  1.2
Poison Magic   | 1 |  1.4
Translocations | |  1.1
Fire Magic     | |  0.5

Action                   |  1- 3 |  4- 6 || total
-------------------------+-------+-------++-------
Melee: Unarmed           |    12 |       ||    12
 Cast: Call Imp          |     2 |    25 ||    27
       Magic Dart        |       |    15 ||    15
       Mephitic Cloud    |       |     6 ||     6
       Conjure Flame     |       |     2 ||     2
  Use: Potion            |     2 |     3 ||     5
Armor: Robe              |     2 |       ||     2
Dodge: Dodged            |     6 |     3 ||     9

Table legend:
 A = Non-vault XP
 B = Vault XP
 C = Vault XP percentage of total XP
 D = Non-vault monster count
 E = Vault monster count
 F = Vault count percentage of total count
                 A         B        C        D         E       F
            +---------+---------+-------+---------+---------+-------
      Total |       0 |     549 | 100.0 |       0 |       6 | 100.0
            +---------+---------+-------+---------+---------+-------
          D |       0 |     549 | 100.0 |       0 |       6 | 100.0
            +---------+---------+-------+---------+---------+-------
